 Dungeon Crawl Stone Soup version 0.21-a0-417-g0adc95b (webtiles) character file.

152 slep the Skirmisher (level 5, -4/48 HPs)
             Began as a Minotaur Abyssal Knight on Nov 4, 2017.
             Was a Follower of Lugonu.
             Killed by nerve-wracking pain
             ... invoked by Jessica
              (13 damage)
             ... on level 3 of the Dungeon.
             The game lasted 00:08:33 (1747 turns).

slep the Skirmisher (Minotaur Abyssal Knight)       Turns: 1747, Time: 00:08:33

Health: -4/48      AC:  4    Str: 17    XL:     5   Next: 11%
Magic:  5/5        EV: 12    Int:  9    God:    Lugonu [*.....]
Gold:   139        SH:  0    Dex: 10    Spells: 4/4 levels left

rFire    . . .     SeeInvis .   a - +1 falchion
rCold    . . .     Gourm    .   (no shield)
rNeg     . . .     Faith    .   b - +0 leather armour
rPois    .         Spirit   .   (helmet restricted)
rElec    .         Reflect  .   (no cloak)
rCorr    .         Harm     +   p - +0 pair of gloves (curse)
MR       .....                  (no boots)
Stlth    +.........             q - amulet of harm
HPRegen  0.16/turn              (no ring)
MPRegen  0.09/turn              (no ring)

@: hasted, very quick
A: retaliatory headbutt, horns 2
a: Depart the Abyss, Renounce Religion


You were on level 3 of the Dungeon.
You worshipped Lugonu.
Lugonu was aware of your devotion.
You were not hungry.

You visited 1 branch of the dungeon, and saw 3 of its levels.
You visited the Abyss 1 time.

You collected 139 gold pieces.

Inventory:

Hand Weapons
 a - a +1 falchion (weapon)
 w - a +6 club
Missiles
 u - a throwing net (quivered)
Armour
 b - a +0 leather armour (worn)
 p - a cursed +0 pair of gloves (worn)
Jewellery
 q - an amulet of harm (around neck)
Wands
 t - a wand of random effects (27/48)
 v - a wand of iceblast (3/15)
Scrolls
 e - a scroll of teleportation {unknown}
 f - 2 scrolls of enchant armour {unknown}
 k - a scroll of remove curse {unknown}
 m - a scroll of noise {unknown}
 o - a scroll of magic mapping {unknown}
 s - a scroll of amnesia {unknown}
Potions
 g - a potion of haste
 h - a potion of curing {unknown}
 i - a potion of invisibility {unknown}
 l - 2 potions of flight {unknown}
 r - a potion of heal wounds {unknown}
Comestibles
 c - a bread ration
 d - a royal jelly
 j - 3 chunks of flesh
 n - a meat ration


   Skills:
 + Level 5.5 Fighting
 + Level 3.6 Long Blades
 + Level 3.1 Armour
 + Level 2.1 Dodging
 + Level 0.1 Stealth
 + Level 2.1 Invocations


You had 4 spell levels left.
You didn't know any spells.

Dungeon Overview and Level Annotations

Branches:
Dungeon (3/15)

Altars:
Makhleb
The Shining One

Annotations:
D:3 Jessica


Innate Abilities, Weirdness & Mutations

You reflexively headbutt those who attack you in melee.
You have a pair of horns on your head.


Message History

Jessica mumbles some strange words.
Jessica seems to speed up.
Jessica casts a spell at you. Pain shoots through your body!
You hit Jessica. You headbutt Jessica.
Jessica is heavily wounded.
Jessica hits you with a club.
You closely miss Jessica. You headbutt Jessica.
Jessica is heavily wounded.
Jessica hits you but does no damage.
You barely miss Jessica.
Jessica is heavily wounded.
Jessica points at you and mumbles some strange words.
Pain shoots through your body!
* * * LOW HITPOINT WARNING * * *
You hit Jessica but do no damage.
Jessica is heavily wounded.
Jessica casts a spell at you. Pain shoots through your body!
You die...

..........
.........##
..........#
...........#
...........##
............#
.....##.@...#
###..##.@...#
#..[........#
###..##....##
#...#....#
#........#
#>.##.##.#
#...#.# ##
#...#.###.
##..#.....


You could see Jessica.

Vanquished Creatures
  A crimson imp (D:2)
  Ijyb (D:3)
  Terence (D:2)
  4 gnolls
  2 worms (D:2)
  2 leopard geckos
  A ball python (D:1)
  4 goblins
  2 hobgoblins (D:1)
  3 bats
  2 frilled lizards (D:1)
  6 kobolds
  3 rats
32 creatures vanquished.

Notes
Turn   | Place    | Note
-------+----------+-------------------------------------------
     0 | Abyss:1  | slep the Minotaur Abyssal Knight began the quest for the Orb.
     0 | Abyss:1  | Reached XP level 1. HP: 19/19 MP: 1/1
     0 | Abyss:1  | Noticed a worldbinder
     3 | Abyss:1  | Noticed a cyan very ugly thing
     6 | Abyss:1  | Noticed a deep elf knight
     6 | Abyss:1  | Noticed a worldbinder
     6 | D:1      | Escaped the Abyss
   113 | D:1      | Reached skill level 4 in Fighting
   264 | D:1      | Reached * piety under Lugonu
   310 | D:1      | Reached XP level 2. HP: 23/27 MP: 2/2
   979 | D:2      | Found a burning altar of Makhleb.
   979 | D:2      | Noticed a crimson imp
   984 | D:2      | Killed a crimson imp
   984 | D:2      | Reached XP level 3. HP: 32/35 MP: 3/3
  1175 | D:2      | Found a glowing golden altar of the Shining One.
  1464 | D:2      | Noticed Terence
  1472 | D:2      | Killed Terence
  1472 | D:2      | Reached skill level 5 in Fighting
  1472 | D:2      | Reached XP level 4. HP: 31/42 MP: 4/4
  1712 | D:3      | Noticed Ijyb
  1720 | D:3      | Killed Ijyb
  1720 | D:3      | Reached XP level 5. HP: 28/48 MP: 5/5
  1739 | D:3      | Noticed Jessica
  1747 | D:3      | Killed from afar by Jessica

Vault maps used:
D:1:      shiori_arrival_oz
D:2:      makhleb_grotto_becter, tso_oasis_becter, uniq_terence
D:3:      chequers_ecumenical_altar_lobes, kennysheep_cross_room,
          minmay_splitting_lines, uniq_robin, uniq_jessica, uniq_ijyb

Skill      XL: |  1  2  3  4 |
---------------+-------------+-----
Fighting       | 4 5 |  5.5
Long Blades    | 3 |  3.6
Invocations    | 2 |  2.1
Armour         | 3 |  3.1
Dodging        | 2 |  2.1
Stealth        | |  0.1

Action                   |  1- 3 |  4- 6 || total
-------------------------+-------+-------++-------
Melee: Falchion          |    53 |    18 ||    71
       Headbutt          |     9 |     7 ||    16
Invok: Depart the Abyss  |     1 |       ||     1
  Use: Potion            |       |     1 ||     1
  Eat: Chunk             |     2 |     1 ||     3
Armor: Leather armour    |    12 |     2 ||    14
Dodge: Dodged            |    36 |    10 ||    46
       Rpst.: Falchion   |     8 |     4 ||    12

Table legend:
 A = Spawn XP
 B = Non-spawn XP
 C = Spawn XP percentage of total XP
 D = Spawn monster count
 E = Non-spawn monster count
 F = Spawn count percentage of total count
 G = Total turns spent on level
                    A         B        C        D         E        F      G
               +---------+---------+-------+---------+---------+-------+---------
         Total |       0 |     218 |   0.0 |       0 |      32 |   0.0 |  1747
               +---------+---------+-------+---------+---------+-------+---------
           D:1 |       0 |      24 |   0.0 |       0 |      15 |   0.0 |   705
           D:2 |       0 |     114 |   0.0 |       0 |      12 |   0.0 |   973
           D:3 |       0 |      80 |   0.0 |       0 |       5 |   0.0 |    63
               +---------+---------+-------+---------+---------+-------+---------
